PA
CHICAGO TULA @ EUGENE VANDALS
05/17/2042
 
TOP OF THE 1ST
Chicago Tula batting - Pitching for Eugene Vandals : LHP Korbin Dallas
Pitching: LHP Korbin Dallas
Batting: RHB José Salas 0-0: Ball
1-0: Foul Ball, location: 2F
1-1: Fly out, F8 (Flyball, 8LS, EV 81.9 MPH)
Batting: RHB Terry Baker 0-0: Ball
1-0: Called Strike
1-1: Called Strike
1-2: Foul Ball, location: 2F
1-2: Strikes out swinging
Batting: RHB Guillermo Dettori 0-0: Called Strike
0-1: Fly out, F8 (Flyball, 8LS, EV 83.1 MPH)
Top of the 1st over - 0 runs, 0 hits, 0 errors, 0 left on base; Chicago 0 - Eugene 0
BOTTOM OF THE 1ST
Eugene Vandals batting - Pitching for Chicago Tula : LHP Horace Cope
Pitching: LHP Horace Cope
Batting: RHB Jorge Quintana 0-0: Fly out, F7 (Flyball, 7D, EV 74.4 MPH)
Batting: RHB Edgar Rodríguez 0-0: Ball
1-0: Ground out 5-3 (Groundball, 56, EV 103.8 MPH)
Batting: RHB Ángel Júlio 0-0: Ground out 3-1 (Groundball, 34, EV 80.6 MPH)
Bottom of the 1st over - 0 runs, 0 hits, 0 errors, 0 left on base; Chicago 0 - Eugene 0
TOP OF THE 2ND
Chicago Tula batting - Pitching for Eugene Vandals : LHP Korbin Dallas
Batting: RHB Jeff Weber 0-0: Called Strike
0-1: Swinging Strike
0-2: Strikes out swinging
Batting: LHB Cisco Gracía 0-0: Foul Ball, location: 2F
0-1: Ball
1-1: Called Strike
1-2: Ball
2-2: Ground out 3-1 (Groundball, 34, EV 106.2 MPH)
Batting: RHB Millard King 0-0: Called Strike
0-1: Ball
1-1: Fly out, F9 (Flyball, 9S, EV 90.6 MPH)
Top of the 2nd over - 0 runs, 0 hits, 0 errors, 0 left on base; Chicago 0 - Eugene 0
BOTTOM OF THE 2ND
Eugene Vandals batting - Pitching for Chicago Tula : LHP Horace Cope
Batting: SHB Dave Richards 0-0: Ball
1-0: Called Strike
1-1: Swinging Strike
1-2: Strikes out swinging
Batting: RHB Adrián Serrano 0-0: Called Strike
0-1: Swinging Strike
0-2: SINGLE (Groundball, 56D, EV 94.4 MPH)
Batting: RHB Johnny Schultz 0-0: Called Strike
0-1: Foul Ball, location: 2F
0-2: Strikes out looking
Batting: LHB Roosevelt Cartledge 0-0: Ball
1-0: Called Strike
1-1: Foul Ball, location: 2F
1-2: Fly out, F9 (Flyball, 9LS, EV 96.2 MPH)
Bottom of the 2nd over - 0 runs, 1 hit, 0 errors, 1 left on base; Chicago 0 - Eugene 0
TOP OF THE 3RD
Chicago Tula batting - Pitching for Eugene Vandals : LHP Korbin Dallas
Batting: RHB Chad Brown 0-0: Foul Ball, location: 2F
0-1: Ball
1-1: Ball
2-1: Ball
3-1: Foul Ball, location: 2F
3-2: Foul Ball, location: 2F
3-2: Strikes out swinging
Batting: LHB Andrew Gray 0-0: Swinging Strike
0-1: Ball
1-1: Swinging Strike
1-2: Strikes out swinging
Batting: RHB Cédric Dumas 0-0: Ball
1-0: Called Strike
1-1: Ball
2-1: Foul Ball, location: 2F
2-2: Strikes out swinging
Top of the 3rd over - 0 runs, 0 hits, 0 errors, 0 left on base; Chicago 0 - Eugene 0
BOTTOM OF THE 3RD
Eugene Vandals batting - Pitching for Chicago Tula : LHP Horace Cope
Batting: RHB Ken Francis 0-0: Fly out, F9 (Flyball, 9S, EV 88.1 MPH)
Batting: RHB Tim Jarvis 0-0: Ball
1-0: Ball
2-0: Ball
3-0: Base on Balls
Batting: RHB Jorge Quintana 0-0: Ball
1-0: Called Strike
1-1: Ball
2-1: Ball
3-1: Foul Ball, location: 2F
3-2: Foul Ball, location: 2F
3-2: Fly out, F9 (Flyball, 9D, EV 106.9 MPH)
Batting: RHB Edgar Rodríguez 0-0: Foul Ball, location: 2F
0-1: Called Strike
0-2: Ball
1-2: DOUBLE (Line Drive, 7LM, EV 98.1 MPH)
Tim Jarvis to third
Runner from 3rd tries for Home, SAFE, throw by LF to home
Batting: RHB Ángel Júlio 0-0: Called Strike
0-1: Fly out, F7 (Flyball, 7S, EV 80.0 MPH)
Bottom of the 3rd over - 1 run, 1 hit, 0 errors, 1 left on base; Chicago 0 - Eugene 1
TOP OF THE 4TH
Chicago Tula batting - Pitching for Eugene Vandals : LHP Korbin Dallas
Batting: RHB José Salas 0-0: Foul Ball, location: 2F
0-1: Ground out 6-3 (Groundball, 6, EV 101.2 MPH)
Batting: RHB Terry Baker 0-0: Called Strike
0-1: SINGLE (Line Drive, 9S, EV 88.1 MPH)
Batting: RHB Guillermo Dettori 0-0: Called Strike
0-1: Ball
1-1: Fly out, F8 (Flyball, 8RS, EV 90.0 MPH)
Batting: RHB Jeff Weber 0-0: Ball
1-0: Fielders Choice at 2nd, 5-4 (Groundball, 56, EV 109.4 MPH)
Top of the 4th over - 0 runs, 1 hit, 0 errors, 1 left on base; Chicago 0 - Eugene 1
BOTTOM OF THE 4TH
Eugene Vandals batting - Pitching for Chicago Tula : LHP Horace Cope
Batting: SHB Dave Richards 0-0: Ball
1-0: Ball
2-0: Ball
3-0: Called Strike
3-1: Swinging Strike
3-2: Strikes out swinging
Batting: RHB Adrián Serrano 0-0: Fly out, F9 (Line Drive, 9, EV 92.5 MPH)
Batting: RHB Johnny Schultz 0-0: Called Strike
0-1: Fly out, F7 (Flyball, 8LM, EV 95.0 MPH)
Bottom of the 4th over - 0 runs, 0 hits, 0 errors, 0 left on base; Chicago 0 - Eugene 1
TOP OF THE 5TH
Chicago Tula batting - Pitching for Eugene Vandals : LHP Korbin Dallas
Batting: LHB Cisco Gracía 0-0: Called Strike
0-1: Ball
1-1: Fly out, F9 (Flyball, 9, EV 81.2 MPH)
Batting: RHB Millard King 0-0: Swinging Strike
0-1: Foul Ball, location: 2F
0-2: Ball
1-2: Ball
2-2: Foul Ball, location: 2F
2-2: Ball
3-2: Fly out, F8 (Flyball, 8RM, EV 97.5 MPH)
Batting: RHB Chad Brown 0-0: Swinging Strike
0-1: Ball
1-1: Swinging Strike
1-2: Ball
2-2: Ball
3-2: Strikes out swinging
Top of the 5th over - 0 runs, 0 hits, 0 errors, 0 left on base; Chicago 0 - Eugene 1
BOTTOM OF THE 5TH
Eugene Vandals batting - Pitching for Chicago Tula : LHP Horace Cope
Batting: LHB Roosevelt Cartledge 0-0: Called Strike
0-1: Ball
1-1: Ball
2-1: Fly out, F4 (Popup, 34S, EV 79.4 MPH)
Batting: RHB Ken Francis 0-0: Swinging Strike
0-1: Ball
1-1: Ball
2-1: Foul Ball, location: 2F
2-2: Ground out 5-3 (Groundball, 56, EV 105.6 MPH)
Batting: RHB Tim Jarvis 0-0: Fly out, F3 (Popup, 34, EV 68.1 MPH)
Bottom of the 5th over - 0 runs, 0 hits, 0 errors, 0 left on base; Chicago 0 - Eugene 1
TOP OF THE 6TH
Chicago Tula batting - Pitching for Eugene Vandals : LHP Korbin Dallas
Batting: LHB Andrew Gray 0-0: Ball
1-0: Fly out, F9 (Flyball, 9, EV 90.0 MPH)
Batting: RHB Cédric Dumas 0-0: SINGLE (Groundball, 6, EV 81.2 MPH) (infield hit)
Batting: RHB José Salas 0-0: Fly out, F8 (Flyball, 8RD, EV 100.0 MPH)
Batting: RHB Terry Baker 0-0: Ground out U3 (Groundball, 34S, EV 83.1 MPH)
Top of the 6th over - 0 runs, 1 hit, 0 errors, 1 left on base; Chicago 0 - Eugene 1
BOTTOM OF THE 6TH
Eugene Vandals batting - Pitching for Chicago Tula : LHP Horace Cope
Batting: RHB Jorge Quintana 0-0: Ball
1-0: Ball
2-0: TRIPLE (Flyball, 9D, EV 103.8 MPH)
Batting: RHB Edgar Rodríguez 0-0: Ball
1-0: Foul Ball, location: 2F
1-1: Called Strike
1-2: Ground out 5-3 (Groundball, 56S, EV 87.5 MPH)
Batting: RHB Ángel Júlio 0-0: Fly out, F9 (Flyball, 89S, EV 92.5 MPH)
Runner from 3rd tags up, OUT at HOME! 9-2
Bottom of the 6th over - 0 runs, 1 hit, 0 errors, 0 left on base; Chicago 0 - Eugene 1
TOP OF THE 7TH
Chicago Tula batting - Pitching for Eugene Vandals : LHP Korbin Dallas
Batting: RHB Guillermo Dettori 0-0: Called Strike
0-1: Foul Ball, location: 2F
0-2: Foul Ball, location: 2F
0-2: Foul Ball, location: 2F
0-2: Ball
1-2: Fly out, F8 (Flyball, 8RD, EV 85.6 MPH)
Batting: RHB Jeff Weber 0-0: Called Strike
0-1: Foul Ball, location: 2F
0-2: Ball
1-2: Foul Ball, location: 2F
1-2: Ball
2-2: Strikes out swinging, 2-3 out at first.
Batting: LHB Cisco Gracía 0-0: Ball
1-0: Ball
2-0: Foul Ball, location: 2F
2-1: Ball
3-1: Foul Ball, location: 2F
3-2: Fly out, F5 (Popup, 5, EV 70.0 MPH)
Top of the 7th over - 0 runs, 0 hits, 0 errors, 0 left on base; Chicago 0 - Eugene 1
BOTTOM OF THE 7TH
Eugene Vandals batting - Pitching for Chicago Tula : LHP Horace Cope
Batting: SHB Dave Richards 0-0: Ball
1-0: Called Strike
1-1: Ball
2-1: Foul Ball, location: 2F
2-2: Ball
3-2: DOUBLE (Flyball, 89D, EV 106.2 MPH)
Batting: RHB Adrián Serrano 0-0: Fly out, F2 (Popup, 3SF, EV 75.6 MPH)
Batting: RHB Johnny Schultz 0-0: Ball
1-0: Ball
2-0: Ball
3-0: Called Strike
3-1: Base on Balls
Batting: LHB Roosevelt Cartledge 0-0: Ball
1-0: Called Strike
1-1: Called Strike
1-2: Strikes out looking
Batting: RHB Ken Francis 0-0: Called Strike
0-1: Foul Ball, location: 2F
0-2: Ball
1-2: Strikes out looking
Bottom of the 7th over - 0 runs, 1 hit, 0 errors, 2 left on base; Chicago 0 - Eugene 1
TOP OF THE 8TH
Chicago Tula batting - Pitching for Eugene Vandals : LHP Korbin Dallas
Batting: RHB Millard King 0-0: Foul Ball, location: 2F
0-1: Ball
1-1: Fly out, F7 (Line Drive, 7, EV 101.2 MPH)
Batting: RHB Chad Brown 0-0: Ball
1-0: Foul Ball, location: 2F
1-1: Ball
2-1: Foul Ball, location: 2F
2-2: Strikes out swinging
Batting: LHB Andrew Gray 0-0: Ball
1-0: Ball
2-0: Ball
3-0: Called Strike
3-1: SINGLE (Line Drive, 34, EV 100.0 MPH)
Batting: RHB Cédric Dumas 0-0: Foul Ball, location: 2F
0-1: Ball
1-1: Foul Ball, location: 2F
1-2: Ball
2-2: Fly out, F8 (Line Drive, 8RM, EV 93.1 MPH)
Top of the 8th over - 0 runs, 1 hit, 0 errors, 1 left on base; Chicago 0 - Eugene 1
BOTTOM OF THE 8TH
Eugene Vandals batting - Pitching for Chicago Tula : LHP Horace Cope
Batting: RHB Tim Jarvis 0-0: Ground out 6-3 (Groundball, 6S, EV 89.4 MPH)
Batting: RHB Jorge Quintana 0-0: Foul Ball, location: 2F
0-1: Foul Ball, location: 2F
0-2: Strikes out swinging
Batting: RHB Edgar Rodríguez 0-0: Called Strike
0-1: Swinging Strike
0-2: Strikes out looking
Bottom of the 8th over - 0 runs, 0 hits, 0 errors, 0 left on base; Chicago 0 - Eugene 1
TOP OF THE 9TH
Chicago Tula batting - Pitching for Eugene Vandals : LHP Korbin Dallas
Pitching: LHP Richello Dosono
Batting: RHB José Salas 0-0: Called Strike
0-1: Ball
1-1: Ball
2-1: SINGLE (Line Drive, 7LM, EV 106.9 MPH)
Batting: RHB Terry Baker 0-0: Swinging Strike
0-1: Ball
1-1: Swinging Strike
1-2: Strikes out swinging
Batting: RHB Guillermo Dettori 0-0: Ball
1-0: Ball
2-0: SINGLE (Groundball, 56D, EV 111.2 MPH)
José Salas to second
Runner from 2nd tries for 3rd, SAFE, throw by LF made to third
Batting: RHB Jeff Weber 0-0: Ball
1-0: Ball
2-0: Ball
3-0: Called Strike
3-1: Fly out, F7 (Flyball, 7, EV 95.0 MPH)
Runner from 3rd tags up, SCORES, throw by LF
Pinch Hitting: RHB Joe Goff 0-0: Ball
1-0: Swinging Strike
1-1: Ball
2-1: Foul Ball, location: 2F
2-2: Fly out, F3 (Popup, 3SF, EV 75.0 MPH)
Top of the 9th over - 1 run, 2 hits, 0 errors, 1 left on base; Chicago 1 - Eugene 1
BOTTOM OF THE 9TH
Eugene Vandals batting - Pitching for Chicago Tula : LHP Horace Cope
Pitching: RHP Mario Rosales
Now in RF: Rafael Mora
Batting: RHB Ángel Júlio 0-0: Ball
1-0: Swinging Strike
1-1: Swinging Strike
1-2: Ball
2-2: Foul Ball, location: 2F
2-2: Ball
3-2: Base on Balls
Batting: SHB Dave Richards 0-0: Ball
1-0: Called Strike
1-1: Swinging Strike
1-2: Foul Ball, location: 2F
1-2: Ball
2-2: Strikes out looking
Batting: RHB Adrián Serrano 0-0: SINGLE (Line Drive, 56, EV 98.8 MPH)
Ángel Júlio to second
Pinch Hitting: LHB Gustavo Palácios 0-0: Fly out, F7 (Flyball, 7LS, EV 77.5 MPH)
Batting: LHB Roosevelt Cartledge 0-0: Called Strike
0-1: SINGLE (Line Drive, 78S, EV 87.5 MPH)
Ángel Júlio to third
Adrián Serrano to second
Runner from 3rd tries for Home, SAFE, throw by LF to home
Friday, March 26th, 2021 - OOTP Baseball 20.8 Build 74